Map: Chantier naval orbital

Players

Zeak - Winner!

  • Race: Zerg Zerg
  • League: Diamond

Angora

  • Race: Terran Terran
  • League: Diamond

VOD

https://www.youtube.com/watch?v=g6jHtdRVRkc

Description

Popularized by fenner and lowko, 2 base Roach/Queen Nydus Worm all-ins are very popular right now. Check out this replay (casted by IamSilvertone and UleakRed of Life on the Ladder) to see how this build works in ZvT

Time

  • Played on: Oct. 18, 2015, 2:45 p.m.
  • Length: 4:56
Show
View Real Time Build Order
Export as new Build Order

Zeak Zerg - Winner!

Build Orders: Hatch First, Roach Nydus 

Get SALT Encoding   

  12  0:00  Drone  
  13  0:12  Overlord  
  13  0:17  Drone  
  14  0:30  Drone x2  
  14  0:34  Drone  
  17  0:52  Hatchery  
  17  0:54  Drone  
  17  1:00  Drone  
  18  1:09  Drone  
  19  1:14  Spawning Pool  
  19  1:17  Drone  
  19  1:23  Extractor  
  18  1:28  Drone  
  19  1:39  Drone  
  20  1:49  Drone  
  21  2:03  Queen  
  21  2:06  Queen  
  21  2:07  Drone  
  21  2:08  Drone  
  27  2:14  Drone, Roach Warren  
  27  2:16  Drone  
  28  2:27  Overlord, Extractor x2  
  28  2:29  Drone  
  27  2:47  Hatchery, Lair  
  27  2:50  Drone  
  27  2:57  Drone x2  
  29  3:03  Drone x2  
  31  3:08  Drone  
  31  3:09  Drone  
  34  3:12  Drone  
  34  3:20  Drone x2  
  34  3:24  Overlord  
  36  3:27  Overlord  
  36  3:37  Overlord  
  36  3:46  Nydus Network  
  36  3:48  Drone x3  
  38  3:58  Roach x4  
  46  4:07  Roach x3  
  52  4:11  Roach  
  52  4:13  Roach  
  56  4:20  Zergling x2  
  56  4:21  Zergling x10  
  62  4:27  Nydus Canal  
  62  4:35  Zergling x8  
  66  4:41  Overseer  
Show
View Real Time Build Order
Export as new Build Order

Angora Terran 

Build Orders: Command Center First (CC), Liberator Opening 

Get SALT Encoding   

  12  0:02  SCV  
  13  0:14  SCV  
  14  0:19  Supply Depot  
  14  0:26  SCV  
  15  0:40  SCV  
  16  0:52  SCV  
  17  1:01  Command Center  
  17  1:05  SCV  
  18  1:14  Barracks  
  18  1:18  SCV  
  19  1:24  Refinery  
  19  1:30  SCV  
  20  1:42  SCV  
  21  2:01  Orbital Command  
  21  2:02  Marine  
  22  2:13  Orbital Command  
  22  2:14  Supply Depot  
  22  2:20  Marine  
  23  2:34  SCV, Factory  
  23  2:46  SCV  
  23  2:49  SCV  
  23  2:51  Barracks Reactor  
  25  2:58  SCV  
  25  3:00  Command Center  
  25  3:01  SCV  
  27  3:09  Refinery  
  27  3:11  SCV  
  28  3:13  SCV  
  29  3:22  Starport  
  29  3:23  SCV  
  29  3:25  SCV  
  31  3:35  SCV  
  31  3:36  Hellion  
  31  3:37  SCV, Hellion  
  31  3:38  Barracks Tech Lab  
  37  3:47  SCV  
  37  3:48  Supply Depot  
  38  3:49  SCV  
  38  3:55  Liberator  
  39  3:57  Hellion  
  39  3:58  Supply Depot  
  39  3:59  SCV, Hellion  
  39  4:01  SCV  
  45  4:11  SCV  
  45  4:13  SCV  
  45  4:16  Supply Depot  
  50  4:18  Barracks Tech Lab  
  50  4:21  Hellion  
  50  4:23  SCV  
  53  4:25  SCV  
  53  4:27  Hellion  
  56  4:35  SCV  
  56  4:37  SCV  
  56  4:38  SCV  
Tags
 
Add a new tag
Caveats
  • Supply blocks, unpowered buildings, or Contaminate may cause inaccurate times.
  • Supply counts are checked every 10 seconds.